 Dungeon Crawl Stone Soup version 0.29-a0-923-g6e406bff71 (webtiles) character file.

Game seed: 18100047000567850618

776 concernfroge the Fighter (level 7, -23/64 HPs)
             Began as a Mummy Monk on July 27, 2022.
             Was an Initiate of Gozag.
             Killed by an exploding kobold (60 damage)
             ... ignited by their inner flame
             ... on level 7 of the Dungeon.
             The game lasted 00:17:32 (5373 turns).

concernfroge the Fighter (Mummy Monk)               Turns: 5373, Time: 00:17:34

Health: -23/64     AC: 11    Str: 16    XL:     7   Next: 54%
Magic:  7/7        EV: 12    Int:  9    God:    Gozag
Gold:   1418       SH:  0    Dex: 15    Spells: 6/6 levels left

rFire   x . .      SeeInvis .   l - +1 shortbow (flame)
rCold   + + .      Faith    .   (shield currently unavailable)
rNeg    + + +      Spirit   .   i - +0 leather armour
rPois   ∞          Reflect  .   (no helmet)
rElec   .          Harm     .   q - +1 cloak
rCorr   .          Rampage  .   (no gloves)
Will    .....                   n - +1 pair of boots
Stlth   +.........              (no amulet)
HPRegen 0.20/turn               f - +4 ring of protection
MPRegen 0.10/turn               e - ring of protection from cold

@: silenced, gold aura
A: cold resistance 1, negative energy resistance 3, torment resistance 2, heat
vulnerability 1, in touch with death 1, no potions
a: Renounce Religion


You were on level 7 of the Dungeon.
You worshipped Gozag.
Gozag was most pleased with you.
You visited 1 branch of the dungeon, and saw 7 of its levels.

You collected 1418 gold pieces.

Inventory:

Hand Weapons
 a - a +0 spear
 l - a +1 shortbow of flaming (weapon)
Armour
 i - a +0 leather armour (worn)
 n - a +1 pair of boots (worn)
 o - a +0 chain mail
 q - a +1 cloak (worn)
Jewellery
 e - a ring of protection from cold (right hand)
 f - a +4 ring of protection (left hand)
Wands
 b - a wand of mindburst (9)
 p - a wand of digging (5)
 r - a wand of quicksilver (4)
Scrolls
 c - 2 scrolls of fear
 d - a scroll of teleportation
 g - 3 scrolls of magic mapping
 k - a scroll of acquirement
 s - a scroll of blinking


   Skills:
 + Level 9.0 Fighting
 - Level 2.4 Polearms
 - Level 2.4 Dodging
 - Level 1.5 Stealth


You had 6 spell levels left.
You didn't know any spells.
Your spell library contained the following spells:

 Spells                   Type           Power      Damage    Failure   Level
 Apportation              Tloc           0%         N/A       45%         1
 Ozocubu's Armour         Ice            0%         N/A       83%         3
 Portal Projectile        Hex/Tloc       0%         N/A       83%         3
 Tukima's Dance           Hex            0%         N/A       83%         3
 Alistair's Intoxication  Tmut/Pois      0%         N/A       100%        5
 Ozocubu's Refrigeration  Ice            0%         4d5       100%        7
 Blade Hands              Tmut           Unusable   N/A       N/A         5

Dungeon Overview and Level Annotations

Branches:
Dungeon (7/15)
 Temple: D:4-7

Altars:
Gozag

Annotations:
D:3 Terence
D:4 2 transporters, nicolae's ghost, amateur DsTm


Innate Abilities, Weirdness & Mutations

You are immune to poison.
Your flesh is cold resistant. (rC+)
You are immune to negative energy. (rN+++)
You are immune to unholy pain and torment.
You are vulnerable to heat. (rF-)
You are in touch with the powers of death.
You do not drink.


Message History

As you read the scroll labelled DAKHLO NOEWAUL, it crumbles to dust.
A profound silence engulfs you.
It was a scroll of silence.
The kobold hits you with a +1 short sword of speed.
The kobold barely misses you. The orc hits you but does no damage.
The orc priest hits you but does no damage.
The orc hits you with a +0 flail.
The kobold hits you with a +0 short sword.
Okay, then.
Okay, then.
A gnoll comes into view. It is wielding a +1 whip of freezing.
The orc hits you with a +2 hand axe of electrocution.
The gnoll closely misses you.
The kobold hits you but does no damage. x2
The orc attacks as you move away!
The orc hits you with a +2 hand axe of electrocution.
The hound closely misses you.
The gnoll hits you from afar with a +0 halberd!
The kobold hits you but does no damage. The kobold misses you.
The hound bites you but does no damage. The gnoll barely misses you.
The gnoll hits you but does no damage. The kobold hits you but does no damage.
The kobold attacks as you move away!
The kobold hits you with a +1 short sword of speed.
The hound attacks as you move away! The hound barely misses you.
The gnoll closely misses you. The gnoll hits you but does no damage.
The kobold misses you. The gnoll attacks as you move away!
The gnoll closely misses you. The hound bites you but does no damage.
The kobold closely misses you.
There is a stone staircase leading down here.
The hound misses you. The kobold hits you but does no damage.
The kobold barely misses you.
You climb downwards.
There is a stone staircase leading up here.
Aiming: Quicksilver Bolt
Press: ? - help, Shift-Dir - straight line, f - kobold
Aim: a kobold, wielding a +0 dagger (silenced, inner flame, 64% to hit)
The bolt of dispelling energy hits the kobold!
The kobold explodes!
The fiery explosion engulfs you!!! The fire burns you terribly!
Ouch! That really hurt!
You die...
Your body crumbles into a pile of gold. $ #### #§@# ##+#

There were no monsters in sight!

Vanquished Creatures
  Grinder (D:5)
  A water moccasin (D:5)
  A black bear (D:5)
  A necrophage (D:5)
  A bullfrog (D:4)
  A howler monkey (D:4)
  Crazy Yiuf (D:5)
  Ijyb (D:5)
  An iguana (D:5)
  4 adders
  3 ufetubi (D:5)
  5 worms
  3 orcs
  8 endoplasms
  2 giant cockroaches
  6 goblins
  8 hobgoblins
  5 jackals (D:1)
  6 kobolds
  2 quokkas
  9 ball pythons
  5 bats
  5 frilled lizards
  7 rats
87 creatures vanquished.

Vanquished Creatures (others)
  8 plants
8 creatures vanquished.

Grand Total: 95 creatures vanquished

Notes
Turn   | Place    | Note
-------+----------+-------------------------------------------
     0 | D:1      | concernfroge the Mummy Monk began the quest for the Orb.
     0 | D:1      | Reached XP level 1. HP: 18/18 MP: 1/1
    39 | D:1      | Noticed a great orb of eyes
    41 | D:1      | Found a faded altar of an unknown god.
    42 | D:1      | Noticed a floating eye
    42 | D:1      | Noticed a golden eye
    42 | D:1      | Noticed a floating eye
    56 | D:1      | Reached XP level 2. HP: 23/24 MP: 2/2
   261 | D:1      | HP: 1/25 [constriction (1)]
   453 | D:1      | Reached skill level 4 in Fighting
   909 | D:1      | Gained mutation: You are in touch with the powers of death.
                  | [Mummy growth]
   909 | D:1      | Reached XP level 3. HP: 21/30 MP: 3/3
  2226 | D:3      | Identified a scroll of acquirement
  2226 | D:3      | Acquired 1159 gold pieces
  2293 | D:3      | Reached skill level 5 in Fighting
  2293 | D:3      | Reached XP level 4. HP: 39/39 MP: 4/4
  2661 | D:3      | Noticed Terence
  2900 | D:4      | Noticed nicolae's ghost (amateur DsTm)
  2909 | D:4      | Identified the +1 halberd of the Hammering Puffin {chaos,
                  | rF+ Str+3}
  2925 | D:4      | Found a transporter.
  3224 | D:4      | Noticed a bullfrog
  3228 | D:4      | Killed a bullfrog
  3229 | D:4      | Reached skill level 6 in Fighting
  3229 | D:4      | Reached XP level 5. HP: 46/46 MP: 5/5
  3507 | D:4      | Found a transporter.
  3669 | D:5      | Entered Level 5 of the Dungeon
  3669 | D:5      | Found an opulent altar of Gozag.
  3674 | D:5      | Became a worshipper of Gozag Ym Sagoz the Greedy
  3824 | D:5      | Noticed Grinder
  3832 | D:5      | Killed Grinder
  3833 | D:5      | Reached skill level 7 in Fighting
  3833 | D:5      | Reached XP level 6. HP: 56/56 MP: 6/6
  3858 | D:5      | Reached skill level 8 in Fighting
  3858 | D:5      | Reached XP level 7. HP: 17/62 MP: 7/7
  4144 | D:5      | Found a runed translucent door.
  4145 | D:5      | Noticed Crazy Yiuf
  4156 | D:5      | Killed Crazy Yiuf
  4578 | D:5      | Noticed Ijyb
  4585 | D:5      | Killed Ijyb
  4586 | D:5      | Reached skill level 9 in Fighting
  4961 | D:6      | Noticed a yak
  4966 | D:6      | Noticed a yak
  4966 | D:6      | Noticed a yak
  5373 | D:7      | Killed by an exploding kobold... ignited by their inner
                  | flame

Illustrated notes

Levels and vault maps discovered:
D:1:      eino_arrival_tree_alley, layout_basic,
          hellmonk_ecumenical_altar_watching_god, minmay_misc_feat_pillars
D:2:      layout_loops_ring
D:3:      layout_basic, minmay_misc_feat_roman, uniq_terence
D:4:      layout_basic, gammafunk_ghost_gnarly_gnolls
D:5:      layout_basic, mainiacjoe_overflow_boulevard,
          cheibrodos_sewer_entry_bend, uniq_ijyb, uniq_crazy_yiuf_cottage,
          uniq_grinder
D:6:      layout_rooms, chequers_serial_rivers_room_b, uniq_menkaure
D:7:      cheibrodos_two_vegetables, layout_basic, minmay_temple_entry_fiery,
          enter_bailey_2

Skill      XL: |  1  2  3  4  5  6  7 |
---------------+----------------------+-----
Fighting       | 4 5 6 7 8 9 |  9.0
Polearms       | |  2.4
Dodging        | |  2.4
Stealth        | |  1.5

Action                   |  1- 3 |  4- 6 |  7- 9 || total
-------------------------+-------+-------+-------++-------
Melee: Spear             |   182 |    57 |       ||   239
       Punch             |     2 |       |       ||     2
 Fire: Shortbow          |       |    49 |    49 ||    98
Evoke: Wand              |       |     1 |     6 ||     7
  Use: Scroll            |     4 |     4 |     4 ||    12
 Stab: Sleeping          |     3 |     3 |       ||     6
Armor: Robe              |    16 |       |       ||    16
       Leather armour    |    14 |    31 |    35 ||    80
Dodge: Dodged            |    80 |    34 |    42 ||   156

Table legend: (Time is in decaauts)
 A = Elapsed time spent in this place.
 B = Non-inter-level travel time spent in this place.
 C = Inter-level travel time spent in this place.
 D = Time resting spent in this place.
 E = Time spent auto-exploring this place.
 F = Levels seen in this place.
 G = Mean time per level.
                   A        B        C        D        E       F      G
               +--------+--------+--------+--------+--------+-----+--------+
         Total |   5423 |   5066 |    357 |    255 |   4048 |   7 |  774.7 |
       Dungeon |   5423 |   5066 |    357 |    255 |   4048 |   7 |  774.7 |
               +--------+--------+--------+--------+--------+-----+--------+

Top non-repeatable levels by time:
     D:5: 1680 daAuts
     D:1: 1255 daAuts
     D:4: 997 daAuts
     D:2: 910 daAuts
     D:3: 510 daAuts
     D:6: 68 daAuts
     D:7: 0 daAuts
